 Dungeon Crawl Stone Soup version 0.31-a0-303-gdc8c9485ea (webtiles) character file.

Game seed: 8932367400413629204

214 BrainTurd the Chopper (level 5, -2/44 HPs)
             Began as an Armataur Berserker on July 16, 2023.
             Was a Believer of Trog.
             Killed by divine providence
             ... invoked by an orc priest
              (11 damage)
             ... on level 3 of the Dungeon.
             The game lasted 00:05:15 (2009 turns).

BrainTurd the Chopper (Armataur Berserker)          Turns: 2009, Time: 00:05:17

Health: -2/44      AC:  6    Str: 25    XL:     5   Next: 60%
Magic:  5/5        EV:  9    Int:  7    God:    Trog [**....]
Gold:   196        SH:  0    Dex:  9    Spells: 4/4 levels left

rFire   . . .        a - +0 hand axe
rCold   . . .        (no shield)
rNeg    . . .        h - +2 robe {Will+}
rPois   .            (no helmet)
rElec   .            (no cloak)
rCorr   .            (no gloves)
SInv    .            (no barding)
Will    ++...        (no amulet)
Stlth   +            (no ring)
HPRegen 0.27/turn    (no ring)
MPRegen 0.09/turn

%: roll
@: mighty, enlightened, flying
A: large, rugged brown scales 3, deformed body, armoured tail, roll, long
tongue, awkward tongue
a: Renounce Religion, Berserk, Trog's Hand


You were on level 3 of the Dungeon.
You worshipped Trog.
Trog was pleased with you.
You visited 1 branch of the dungeon, and saw 3 of its levels.

You collected 196 gold pieces.

Inventory:

Hand Weapons
 a - a +0 hand axe (weapon)
Armour
 h - a +2 robe of willpower (worn)
Scrolls
 d - a scroll of noise {unknown}
 e - 3 scrolls of identify {unknown}
 g - 2 scrolls of enchant weapon {unknown}
 k - a scroll of blinking {unknown}
Potions
 b - a potion of enlightenment
 c - a potion of attraction {unknown}
 f - a potion of cancellation {unknown}
 i - a potion of haste {unknown}
 j - 2 potions of might


   Skills:
 - Level 2.6 Fighting
 + Level 5.3 Axes
 - Level 2.4 Armour
 - Level 1.3 Dodging


You had 4 spell levels left.
You didn't know any spells.
Your spell library was empty.

Dungeon Overview and Level Annotations

Branches:
Dungeon (3/15)

Altars:
Fedhas


Innate Abilities, Weirdness & Mutations

You are completely covered in rugged brown scales. (AC +3, +7% HP)
Armour fits poorly on your strangely shaped body.
You have a long armoured tail.
You roll when moving toward enemies. (Rampage)
Your long tongue fully drains potion bottles. (2x potion effects)
Your tongue gives you trouble enunciating. (1.5x scroll delay)


Message History

You hit the orc but do no damage.
The orc hits you with a +0 falchion of protection.
You hit the orc but do no damage. The orc closely misses you.
You hit the orc but do no damage. You tail-slap the orc.
The orc is heavily wounded.
The orc hits you with a +0 falchion of protection.
You hit the orc but do no damage.
The orc is heavily wounded.
The orc hits you with a +0 falchion of protection.
You hit the orc.
The orc is severely wounded.
The orc hits you with a +0 falchion of protection.
You barely miss the orc.
Your tail-slap misses the orc.
The orc is heavily wounded.
The orc hits you with a +0 falchion of protection.
You hit the orc but do no damage.
The orc is heavily wounded.
The orc barely misses you.
You hit the orc.
The orc is almost dead.
The orc hits you with a +0 falchion of protection.
* * * LOW HITPOINT WARNING * * *
The orc priest calls upon Beogh to heal the orc.
The orc is healed somewhat.
You barely miss the orc.
The orc is lightly wounded.
The orc hits you with a +0 falchion of protection.
* * * LOW HITPOINT WARNING * * *
It was a potion of might.
You feel very mighty all of a sudden.
You slurp down every last drop of the potion of might!
The orc barely misses you.
It was a potion of enlightenment.
You feel very buoyant.
You fly up into the air.
You slurp down every last drop of the potion of enlightenment!
The orc barely misses you.
The orc priest calls down the wrath of Beogh upon you.
Beogh smites you!
You die...

...####.#.# #)# ####
#.#.###(####
#.#........#
#.......##.#
#...######.#
###..##.####.#
#............#
#####.##.###########
......##........@oo#
########.#########o#
.........# #)#
########## #o# #o#
..# .### .. ._


You could see an orc priest and 2 orcs.

Vanquished Creatures
  A black bear (D:2)
  Jessica (D:2)
  4 adders
  2 worms (D:2)
  An orc (D:3)
  5 endoplasms
  3 giant cockroaches
  6 goblins
  3 hobgoblins
  3 quokkas
  4 ball pythons
  6 bats
  4 frilled lizards
  4 kobolds
  3 rats (D:2)
50 creatures vanquished.

Notes
Turn   | Place    | Note
-------+----------+-------------------------------------------
     0 | D:1      | BrainTurd the Armataur Berserker began the quest for the
                  | Orb.
     0 | D:1      | Reached XP level 1. HP: 19/19 MP: 1/1
   212 | D:1      | Reached skill level 3 in Axes
   212 | D:1      | Reached XP level 2. HP: 22/26 MP: 2/2
   624 | D:2      | Reached ** piety under Trog
   652 | D:2      | Noticed Jessica
   657 | D:2      | Killed Jessica
   658 | D:2      | Reached XP level 3. HP: 32/32 MP: 3/3
   660 | D:2      | Noticed a black bear
   673 | D:2      | Killed a black bear
   674 | D:2      | Reached skill level 4 in Axes
   674 | D:2      | Reached XP level 4. HP: 15/39 MP: 4/4
   674 | D:2      | Reached XP level 5. HP: 17/44 MP: 5/5
   951 | D:2      | Reached skill level 5 in Axes
  1474 | D:3      | Found a faded altar of an unknown god.
  1987 | D:3      | Found a blossoming altar of Fedhas.
  2009 | D:3      | Killed from afar by an orc priest

Illustrated notes

Levels and vault maps discovered:
D:1:      minmay_arrival_radiant_lines, layout_rooms, serial_aquarium,
          aquarium_bridge_straight [aquarium_subvault_bridge,
          aquarium_subvault_wall, aquarium_subvault_bridge,
          aquarium_subvault_window], aquarium_bridge_long_joined
          [aquarium_subvault_balcony, aquarium_subvault_wall,
          aquarium_subvault_wall, aquarium_subvault_bridge,
          aquarium_subvault_window, aquarium_subvault_bridge],
          aquarium_window_2, aquarium_window_corner, aquarium_window_1,
          aquarium_view_2d, aquarium_view_4, aquarium_balcony_1b,
          aquarium_pool_side
D:2:      layout_rooms, uniq_jessica
D:3:      layout_basic, grunt_temple_overflow_open,
          chequers_ecumenical_altar_island

Skill      XL: |  1  2  3  4  5 |
---------------+----------------+-----
Axes           | 3 4 5 |  5.3
Fighting       | |  2.6
Armour         | |  2.4
Dodging        | |  1.3

Action                     |  1- 3 |  4- 6 || total
---------------------------+-------+-------++-------
  Melee: Hand axe          |    49 |   119 ||   168
         Tailslap          |    10 |    10 ||    20
         Punch             |       |     2 ||     2
    Use: Potion            |       |     2 ||     2
   Stab: Sleeping          |     1 |       ||     1
 Armour: Animal skin       |    11 |       ||    11
         Skin              |     3 |       ||     3
         Robe              |       |    46 ||    46
  Dodge: Dodged            |    24 |    49 ||    73

Table legend: (Time is in decaauts)
 A = Elapsed time spent in this place.
 B = Non-inter-level travel time spent in this place.
 C = Inter-level travel time spent in this place.
 D = Time resting spent in this place.
 E = Time spent auto-exploring this place.
 F = Levels seen in this place.
 G = Mean time per level.
                   A        B        C        D        E       F      G
               +--------+--------+--------+--------+--------+-----+--------+
         Total |   2020 |   1949 |     71 |    107 |   1478 |   3 |  673.3 |
       Dungeon |   2020 |   1949 |     71 |    107 |   1478 |   3 |  673.3 |
               +--------+--------+--------+--------+--------+-----+--------+

Top non-repeatable levels by time:
     D:2: 717 daAuts
     D:3: 693 daAuts
     D:1: 609 daAuts
